[Event "*** Titled Tuesday Blitz"]
[Site "Chess.com"]
[Date "2021.03.30"]
[Round "8"]
[White "guillembaches"]
[Black "Irina_Baraeva"]
[Result "1-0"]
[WhiteElo "2468"]
[BlackElo "2307"]
[TimeControl "180+1"]
[EndTime "11:27:56 PDT"]
[Termination "guillembaches won by resignation"]

1. e4 e6 2. d4 d5 3. exd5 exd5 4. Nf3 Bd6 5. c4 c6 6. Nc3 Ne7 7. Bd3 O-O 8. O-O Bf5 9. Bg5 f6 10. Bh4 Bg4 11. Bg3 Qc7 12. Rc1 dxc4 13. Bxc4+ Kh8 14.
Qd3 Nd7 15. Rfe1 Nb6 16. Bb3 Rad8 17. Nb5 Bf5 18. Nxc7 Bxd3 19. Bxd6 Rxd6 20. Rxe7 Bf5 21. Ne6 Bxe6 22. Rxe6 Rfd8 23. Rxd6 Rxd6 24. Re1 h6 25. Re8+ Kh7 26. Bc2+ g6 27. Re7+ Kg8 28. Bxg6 c5 29.
Re4 cxd4 30. Rxd4 Rc6 31. Rd1 Nc4 32. Be4 Rc5 33. Bd5+ Kg7 34. Bxc4 Rxc4 35. Kf1 Rc2 36. Rd2 Rc1+ 37. Ke2 1-0

[Event "*** Titled Tuesday Blitz"]
[Site "Chess.com"]
[Date "2021.03.30"]
[Round "8"]
[White "Cambek64"]
[Black "Bigfish1995"]
[Result "1/2-1/2"]
[WhiteElo "2488"]
[BlackElo "2987"]
[TimeControl "180+1"]
[EndTime "11:27:57 PDT"]
[Termination "Game drawn by repetition"]

1. d4 b5 2. a4 b4 3. Nf3 Bb7 4. e3 Nf6 5. Be2 c5 6. O-O e6 7. c4 a5 8. b3 Be7 9. Bb2 O-O 10. Nbd2 Na6 11. Rc1 d6 12. Bd3 Qc7 13. Qe2 Rae8 14. Rfd1 Kh8 15. Bb1 Ba8 16. Qd3 Bb7 17. d5 e5 18. Ne4 Nxe4 19. Qxe4 f5 20. Qc2 Bc8 21. Nd2 Bf6 22. f4 exf4 23. exf4 Re2 24. Bxf6 gxf6 25. Re1 Rfe8 26. Nf3 Rxe1+ 27. Rxe1 Rxe1+ 28. Nxe1 Qe7 29. Kf2 Nc7 30. Qe2 Qf8 31. Nf3 Ne8 32. g3 Ng7 33. Nh4 Bd7 34. Qe3 Qf7 35. Bc2 Kg8 36. Bd3 Kf8 37.
Qe2 Bc8 38. Qc2 Qh5 39. Qe2 Qh6 40. Qc2 Bd7 41. Kg2 Qh5 42. Qe2 Qg4 43. h3 Qxe2+ 44.
Bxe2 Kf7 45. Bd3 h5 46. Kf2 Bc8 47. Ke3 Bd7 48. Kf2 Bc8 49. Ke3 Bd7 50. Kf2 1/2-1/2

[Event "*** Titled Tuesday Blitz"]
[Site "Chess.com"]
[Date "2021.03.30"]
[Round "8"]
[White "LEGENYA1998"]
[Black "mr65"]
[Result "0-1"]
[WhiteElo "2233"]
[BlackElo "2109"]
[TimeControl "180+1"]
[EndTime "11:27:57 PDT"]
[Termination "mr65 won by resignation"]

1. e4 e5 2. Nf3 Nc6 3. Bb5 a6 4. Ba4 Nf6 5. O-O Be7 6. Bxc6 dxc6 7. Nxe5 Nxe4 8. d3 Nf6 9. Nc3 O-O 10. h3 h6 11. Qf3 Re8 12. Bf4 Be6 13. Rae1 Nd5 14. Bg3 Nxc3 15. bxc3 Bd5 16. Qg4 Bf6 17. c4 Be6 18.
Qf3 Bh4 19. Qf4 Bxg3 20. Qxg3 Qd6 21. f4 Bf5 22. Qf2 f6 23. Ng4 Bxg4 24. hxg4 Qd7 25. Qg3 Rxe1 26. Rxe1 Re8 27. Rxe8+ Qxe8 28. g5 hxg5 29.
fxg5 Qe5 30. Qxe5 fxe5 31. Kf2 Kf7 32. Ke3 Ke6 33. Ke4 g6 34. c3 c5 35. a3 a5 36. a4 c6 37. g4 b5 38. axb5 a4 39. b6 Kd7 40. Ke3 a3 0-1

[Event "*** Titled Tuesday Blitz"]
[Site "Chess.com"]
[Date "2021.03.30"]
[Round "8"]
[White "anon102030"]
[Black "Artyom_ChessMate"]
[Result "1-0"]
[WhiteElo "2743"]
[BlackElo "2558"]
[TimeControl "180+1"]
[EndTime "11:28:04 PDT"]
[Termination "anon102030 won by resignation"]

1. e4 c5 2. Nc3 Nc6 3. g3 g6 4.
Bg2 Bg7 5. d3 d6 6. Be3 Nf6 7.
h3 h5 8. f4 Nd4 9. Qd2 Rb8 10.
Nd1 b5 11. c3 Ne6 12. Nf3 Bb7 13. O-O Qc7 14. Nf2 a5 15. Rad1 c4 16. Nh4 cxd3 17.
Qxd3 Nc5 18. Qc2 Nfd7 19. f5 Ne5 20. fxg6 fxg6 21. Bd4 Ncd7 22. Nxg6 Rh6 23. Nxe5 Nxe5 24. Nd3 Rg6 25. Qf2 Rf6 26. Qe2 Rh6 27. Rf5 h4 28. g4 Qc4 29. b3 Qe6 30. g5 Rg6 31. Nf4 Qg8 32. Nxg6 Nxg6 33. Qxb5+ Kd8 34. Bb6+ Kc8 35. Rc5+ 1-0

[Event "*** Titled Tuesday Blitz"]
[Site "Chess.com"]
[Date "2021.03.30"]
[Round "8"]
[White "gvanna"]
[Black "Gabix_94"]
[Result "0-1"]
[WhiteElo "2376"]
[BlackElo "2757"]
[TimeControl "180+1"]
[EndTime "11:28:04 PDT"]
[Termination "Gabix_94 won on time"]

1. e4 c5 2. Nf3 e6 3. d4 cxd4 4.
Nxd4 a6 5. Bd3 Ne7 6. O-O Nbc6 7. Nxc6 Nxc6 8. Nc3 d6 9. Be3 Be7 10. f4 O-O 11.
Kh1 b5 12. f5 Ne5 13. fxe6 fxe6 14. Be2 Bb7 15. a3 Rc8 16. Qd2 Nc4 17. Bxc4 Rxc4 18.
Bd4 Qe8 19. h3 Qg6 20. Rxf8+ Bxf8 21. Rf1 h6 22. b3 Rc8 23. Qd3 Be7 24. Kg1 Kh7 25. Rf2 Bh4 26. Rf3 e5 27. Bf2 Bg5 28. Be3 Bf6 29. Bf2 Rxc3 30. Qxc3 Bxe4 31. Rg3 Qf5 32.
Qc7 d5 33. c4 bxc4 34. bxc4 d4 35. c5 Bd5 36. Qd6 e4 37. c6 e3 38. Be1 d3 39.
Rxe3 Bd4 40. Bf2 d2 0-1

[Event "*** Titled Tuesday Blitz"]
[Site "Chess.com"]
[Date "2021.03.30"]
[Round "8"]
[White "marianokar"]
[Black "Fraler15"]
[Result "1-0"]
[WhiteElo "2497"]
[BlackElo "2240"]
[TimeControl "180+1"]
[EndTime "11:28:04 PDT"]
[Termination "marianokar won on time"]

1. e4 c5 2. Nf3 e6 3. d4 cxd4 4. Nxd4 Nf6 5. Nc3 Nc6 6. Nxc6 bxc6 7. Bd3 d5 8. O-O e5 9. Qf3 d4 10. Na4 Be7 11. Qg3 O-O 12. Qxe5 Bd6 13. Qg5 h6 14.
Qd2 Nh5 15. f4 Nxf4 16. Rxf4 Bxf4 17. Qxf4 Be6 18. b3 Qe7 19. Qg3 Rfc8 20. Bxh6 f6 21. Rf1 c5 22. Nb2 Kh8 23. Bd2 a5 24. e5 f5 25. Nc4 a4 26. Nd6 Rf8 27. Bg5 Qd7 28. Nxf5 Bxf5 29. Bxf5 Rxf5 30. Qh3+ Kg8 31. Qxf5 Qc6 32.
e6 Qb6 33. Qf7+ Kh8 34. Rf4 1-0

[Event "*** Titled Tuesday Blitz"]
[Site "Chess.com"]
[Date "2021.03.30"]
[Round "8"]
[White "Smirnov_Pavel"]
[Black "Alexsur1981"]
[Result "0-1"]
[WhiteElo "2894"]
[BlackElo "2897"]
[TimeControl "180+1"]
[EndTime "11:28:05 PDT"]
[Termination "Alexsur1981 won by resignation"]

1. d4 d5 2. c4 e6 3. Nf3 c6 4. g3 Nf6 5. Bg2 Nbd7 6. O-O Bd6 7. Nc3 O-O 8. Nd2 Re8 9. e4 dxe4 10. Ndxe4 Nxe4 11. Nxe4 Be7 12. Be3 Nf6 13. Nc3 Bd7 14. Qe2 Qa5 15.
a3 Rad8 16. b4 Qf5 17. h3 h5 18. Bf4 Bc8 19. Be5 Bd6 20. Rad1 Re7 21. Ne4 Nxe4 22. Bxe4 Qg5 23. h4 Qh6 24. Bf3 Red7 25. Bxh5 f6 26. Bxd6 Rxd6 27. Bg4 f5 28. Bf3 Rxd4 29. Rxd4 Rxd4 30.
Qe5 Qf6 31. Qb8 Rd8 32. Rd1 Rf8 33. Qxa7 f4 34. Rd3 e5 35. Be4 Bf5 36. Bxf5 Qxf5 37. Rd2 Qh3 38. gxf4 exf4 39. Qd4 f3 0-1

[Event "*** Titled Tuesday Blitz"]
[Site "Chess.com"]
[Date "2021.03.30"]
[Round "8"]
[White "Sjakkerntobi"]
[Black "Savva09022009"]
[Result "0-1"]
[WhiteElo "2419"]
[BlackElo "2605"]
[TimeControl "180+1"]
[EndTime "11:28:05 PDT"]
[Termination "Savva09022009 won by checkmate"]

1. e4 c5 2. Nf3 d6 3. d4 c4 4. Bxc4 Nf6 5. Nc3 Nc6 6. h3 g6 7. O-O Bg7 8. Qe2 O-O 9. e5 dxe5 10. dxe5 Ne8 11. Bf4 e6 12. Bb3 a6 13. Bh2 Nd4 14. Nxd4 Qxd4 15. Rad1 Qa7 16. Ne4 b5 17. c3 Bb7 18. Nd6 Nxd6 19. exd6 Rfd8 20. Rfe1 Qb6 21. Qe3 Qc6 22. f3 Qd7 23. Qb6 Rac8 24. Bc2 Rc6 25. Qa7 Ra8 26. Qe3 Rcc8 27. Be4 Rd8 28. Qb6 Rab8 29. Bxb7 Rxb7 30. Qxa6 Ra7 31. Qb6 Rxa2 32.
Re2 Rda8 33. Qc7 R2a7 34. Qxd7 Rxd7 35. Red2 Bf8 36. Kf2 Ra6 37. Ke3 Bh6+ 38. Ke2 Bxd2 39. Rxd2 f6 40. b3 e5 41. Rd5 Raxd6 42. Rxb5 Rd2+ 43. Kf1 Ra2 44. c4 Rd1# 0-1

[Event "*** Titled Tuesday Blitz"]
[Site "Chess.com"]
[Date "2021.03.30"]
[Round "8"]
[White "Maddie"]
[Black "stepakyedael"]
[Result "1-0"]
[WhiteElo "2069"]
[BlackElo "2253"]
[TimeControl "180+1"]
[EndTime "11:28:06 PDT"]
[Termination "Maddie won on time"]

1. d4 Nf6 2. e3 g6 3. Bd3 Bg7 4.
f4 O-O 5. Nf3 d6 6. O-O Nbd7 7.
c3 b6 8. Nbd2 Bb7 9. Qe1 Qe8 10.
e4 e5 11. fxe5 dxe5 12. d5 Nh5 13. Bc4 Qe7 14. Bb3 Nc5 15. Bc2 Nf4 16. Nb3 Ncd3 17. Bxd3 Nxd3 18. Qe2 Nxc1 19. Raxc1 a5 20. Nbd2 b5 21. c4 b4 22. b3 c5 23. Rfd1 Ra6 24. Nf1 Rd6 25. Ne3 a4 26. Ng4 h5 27. Nf2 Bh6 28.
Rc2 axb3 29. axb3 Ra8 30. Nd3 Bg7 31. Nxc5 Bc8 32. Nd3 g5 33. c5 Rda6 34. d6 Qe6 35. Nxb4 Ra3 36. c6 Qxb3 37. Nd5 Ba6 38. Qf2 Bd3 39.
Rcd2 Ra1 40. Qe1 1-0

[Event "*** Titled Tuesday Blitz"]
[Site "Chess.com"]
[Date "2021.03.30"]
[Round "8"]
[White "Das_Virus_2020"]
[Black "KarateBaby"]
[Result "0-1"]
[WhiteElo "2452"]
[BlackElo "2329"]
[TimeControl "180+1"]
[EndTime "11:28:07 PDT"]
[Termination "KarateBaby won by checkmate"]

1. e4 g6 2. d4 Bg7 3. Nc3 d6 4. g3 a6 5. a4 Nc6 6. Be3 e5 7.
d5 Nce7 8. Bg2 f5 9. Nge2 Nf6 10. h3 O-O 11. O-O Nh5 12. Qd2 f4 13. gxf4 exf4 14.
Nxf4 Nxf4 15. Bxf4 Bd7 16. a5 Qc8 17. Bg5 Bxh3 18. f4 Re8 19. f5 Bxg2 20. Qxg2 h6 21. Bxe7 Bd4+ 22. Kh1 Rxe7 23. Qxg6+ Rg7 24. Qe6+ Kh7 25.
f6 Rg5 26. Rf5 Qg8 27. f7 Rg1+ 28. Kh2 Qg3# 0-1

[Event "*** Titled Tuesday Blitz"]
[Site "Chess.com"]
[Date "2021.03.30"]
[Round "8"]
[White "BilodeauA"]
[Black "DeTimmerman"]
[Result "1-0"]
[WhiteElo "2918"]
[BlackElo "2749"]
[TimeControl "180+1"]
[EndTime "11:28:09 PDT"]
[Termination "BilodeauA won by checkmate"]

1. d4 Nf6 2. Nc3 d5 3. Bf4 e6 4. Nb5 Bd6 5. Nxd6+ cxd6 6. e3 O-O 7. h3 Nc6 8. Nf3 h6 9. Bh2 Re8 10. Be2 e5 11. O-O Bf5 12. Bb5 Be4 13. dxe5 Bxf3 14. Qxf3 dxe5 15. c4 e4 16. Qe2 a6 17. Ba4 dxc4 18. Qxc4 Rc8 19. Bb3 Ne5 20. Qb4 b5 21. Bxe5 Rxe5 22. Rfd1 Qc7 23. a3 Rc5 24. Qd4 Qe7 25.
Qd6 Qxd6 26. Rxd6 R5c6 27. Rad1 Rxd6 28. Rxd6 Rc1+ 29. Kh2 Rb1 30. Rd8+ Kh7 31. Bxf7 Rxb2 32. Kg3 h5 33. h4 g6 34. Be6 a5 35. Ra8 b4 36.
Rxa5 bxa3 37. Rxa3 Kg7 38. Ra7+ Kh6 39. Rf7 Nh7 40.
Bd5 Rb4 41. Kf4 g5+ 42. hxg5+ Kg6 43. Ra7 Rb6 44. Bxe4# 1-0

[Event "*** Titled Tuesday Blitz"]
[Site "Chess.com"]
[Date "2021.03.30"]
[Round "8"]
[White "SilviusTiberius"]
[Black "Bacyanide"]
[Result "0-1"]
[WhiteElo "2554"]
[BlackElo "2446"]
[TimeControl "180+1"]
[EndTime "11:28:09 PDT"]
[Termination "Bacyanide won on time"]

1. e4 c6 2. d4 d5 3. exd5 cxd5 4.
Bd3 Nc6 5. c3 Qc7 6. Ne2 Bg4 7.
O-O e6 8. Qe1 Nf6 9. f3 Bh5 10.
Bg5 Bg6 11. Qd2 Bd6 12. g3 a6 13. Nf4 Ne7 14. Nxg6 hxg6 15. Qe2 Rh5 16. f4 O-O-O 17. Nd2 Rdh8 18. Nf3 Nf5 19. Bxf6 gxf6 20. g4 Rh3 21.
gxf5 Bxf4 22. Rf2 gxf5 23. Rg2 Kb8 24. c4 dxc4 25. Bxc4 e5 26. dxe5 fxe5 27. Kf1 e4 28. Ng1 Rxh2 29. Bb3 Rxg2 30. Qxg2 Rh2 31. Qg8+ Ka7 32.
Qxf7 Qc5 0-1

[Event "*** Titled Tuesday Blitz"]
[Site "Chess.com"]
[Date "2021.03.30"]
[Round "8"]
[White "Kretov_Evgenij"]
[Black "Manukyan_Artak"]
[Result "1-0"]
[WhiteElo "2571"]
[BlackElo "2467"]
[TimeControl "180+1"]
[EndTime "11:28:10 PDT"]
[Termination "Kretov_Evgenij won by resignation"]

1. d4 Nf6 2. c4 g6 3. Nc3 Bg7 4.
e4 O-O 5. Be2 d6 6. Bg5 c5 7. d5 Qa5 8. Bd2 Qc7 9. Nf3 e5 10.
O-O h5 11. a3 a5 12. Nb5 Qd8 13. Qc2 Na6 14. Rfb1 Kh7 15. Ne1 Ne8 16. Nd3 Bh6 17.
Bxh6 Kxh6 18. b4 b6 19. bxc5 Nxc5 20. Nxc5 bxc5 21. Nc3 f5 22. Qb3 fxe4 23. Nxe4 Bf5 24. Qe3+ g5 25. h4 Bxe4 26. Qxe4 Qf6 27. hxg5+ Qxg5 28. Rb6 Qf4 29. Qe3 Qxe3 30. fxe3 Rf6 31. Rab1 Ng7 32. Bd3 h4 33. Rf1 Rxf1+ 34. Kxf1 Rf8+ 35.
Ke1 Rf6 36. Ra6 Kg5 37. Rxa5 Kg4 38. Ra7 Nh5 39. Be2+ Kg5 40. Rh7 Ng3 41. a4 Rf8 42. Rd7 Ra8 43. Bd1 Nf5 44. Kd2 Rb8 45. Bc2 Rb2 46. Kc1 Ra2 47. Kb1 Ra3 48. Kb2 Rxe3 49. a5 Re2 50. a6 Ne3 51. a7 Rxc2+ 52. Kb1 1-0

[Event "*** Titled Tuesday Blitz"]
[Site "Chess.com"]
[Date "2021.03.30"]
[Round "8"]
[White "Pikachess999"]
[Black "zurzan"]
[Result "1-0"]
[WhiteElo "2360"]
[BlackElo "1980"]
[TimeControl "180+1"]
[EndTime "11:28:10 PDT"]
[Termination "Pikachess999 won on time"]

1. e4 Nf6 2. e5 Nd5 3. d4 d6 4. c4 Nb6 5. exd6 cxd6 6. d5 g6 7. Qd4 Rg8 8. Qh4 h6 9. Nc3 g5 10. Qe4 f5 11. Qc2 Na6 12. a3 Bg7 13. Bd3 Rf8 14. b4 Bd7 15. Bb2 Rc8 16. Qe2 Na4 17. Nxa4 Bxb2 18. Nxb2 Rf6 19. Nf3 e5 20. Nxe5 dxe5 21.
Qxe5+ Qe7 22. Qxe7+ Kxe7 23. Kd2 f4 24. Rhe1+ Kf7 25.
f3 Re8 26. Rxe8 Kxe8 27. Re1+ Kf7 28. c5 Nc7 29. Bc4 Kf8 30. Nd3 Bf5 31. Ne5 a6 32. Kc3 h5 33. h3 Kg7 34. a4 Kh6 35. b5 axb5 36. axb5 h4 37. b6 Ne8 38. Ng4+ Bxg4 39.
Rxe8 1-0

[Event "*** Titled Tuesday Blitz"]
[Site "Chess.com"]
[Date "2021.03.30"]
[Round "8"]
[White "Carnivoras"]
[Black "mamonika"]
[Result "1-0"]
[WhiteElo "2567"]
[BlackElo "2064"]
[TimeControl "180+1"]
[EndTime "11:28:10 PDT"]
[Termination "Carnivoras won on time"]

1. d4 d5 2. c4 e6 3. Nc3 c6 4.
Nf3 dxc4 5. a4 Bb4 6. e3 b5 7.
Bd2 Bxc3 8. Bxc3 Nf6 9. axb5 cxb5 10. b3 O-O 11. bxc4 bxc4 12. Bxc4 Qc7 13. Qd3 Bb7 14. Ba5 Qc8 15. O-O Be4 16. Qe2 Nc6 17. Bc3 a5 18. Rfc1 Qb7 19. Bd3 Nb4 20. Bxe4 Nxe4 21. Be1 Rfb8 22.
Ne5 Qd5 23. f3 Nd6 24. Rc5 Qb3 25. Rcxa5 Rxa5 26. Rxa5 Nc2 27. Bd2 Qb1+ 28. Kf2 h6 29. Rc5 Nf5 30. Qd3 1-0

[Event "*** Titled Tuesday Blitz"]
[Site "Chess.com"]
[Date "2021.03.30"]
[Round "8"]
[White "attack2mateU"]
[Black "scarabee43"]
[Result "0-1"]
[WhiteElo "2730"]
[BlackElo "2590"]
[TimeControl "180+1"]
[EndTime "11:28:15 PDT"]
[Termination "scarabee43 won by resignation"]

1. e4 c5 2. Nf3 e6 3. c3 d5 4.
exd5 Qxd5 5. d4 Nf6 6. Be3 cxd4 7. cxd4 Bb4+ 8. Nc3 O-O 9. Bd3 b6 10. O-O Bxc3 11.
bxc3 Ba6 12. Bxa6 Nxa6 13. Qa4 Qb7 14. c4 Rac8 15. Rab1 Nb8 16. Qb5 Qc6 17. Qg5 Qxc4 18. Rfc1 Qd3 19. Ne5 Qf5 20. Qxf5 exf5 21. Kf1 Nd5 22.
Bd2 f6 23. Nd3 Nc6 24. Rc4 Nce7 25. Rbc1 Rxc4 26. Rxc4 Rc8 27. Ra4 Nc6 28. Nf4 Nxf4 29. Bxf4 Rd8 30. Be3 f4 31. Bxf4 Rxd4 32. Rxd4 Nxd4 33.
Be3 Nc6 34. Ke2 Kf7 35. Kd3 Ne5+ 36. Kd4 Ke6 37. h3 Nd7 38. Kc4 a6 39. a4 Kd6 40.
Kb4 Kc6 41. Bd4 Kd5 42. Be3 Kc6 43. Kc4 b5+ 44. axb5+ axb5+ 45. Kb4 Nb6 46. Kc3 Nd5+ 0-1

[Event "*** Titled Tuesday Blitz"]
[Site "Chess.com"]
[Date "2021.03.30"]
[Round "8"]
[White "nikitakhoroshev"]
[Black "crazyluzhinTh3"]
[Result "1-0"]
[WhiteElo "2674"]
[BlackElo "2525"]
[TimeControl "180+1"]
[EndTime "11:28:15 PDT"]
[Termination "nikitakhoroshev won by resignation"]

1. d4 d6 2. c4 e5 3. Nf3 e4 4. Ng5 f5 5. Nh3 c6 6. Nc3 Na6 7. f3 d5 8. Bg5 Be7 9. Bxe7 Nxe7 10. e3 Nc7 11. f4 O-O 12. Be2 Kh8 13. O-O Be6 14.
b3 h6 15. Rc1 b6 16. Qe1 Qd7 17. Qh4 Ng6 18. Qg3 Rf6 19. Rc2 Raf8 20. Rfc1 Ne7 21. cxd5 Bxd5 22. Nxd5 Ncxd5 23. a3 Rg6 24. Qf2 Rd6 25.
Kh1 Rd8 26. Rg1 Nf6 27. b4 Ng4 28. Qg3 Rg6 29. Nf2 Nxf2+ 30. Qxf2 Rd6 31. g4 a5 32. g5 axb4 33. axb4 Nd5 34. Rb2 Qe7 35. Rg3 hxg5 36. Rxg5 Rh6 37. Bc4 Nxb4 38. Qg3 c5 39. Rg2 Rd7 40.
Rxf5 cxd4 41. Rf7 Qxf7 42. Bxf7 Rxf7 43. exd4 Nd5 44. Qb3 Rf5 45. Rg5 Rhf6 46. Rxf5 Rxf5 47. Qh3+ 1-0

[Event "*** Titled Tuesday Blitz"]
[Site "Chess.com"]
[Date "2021.03.30"]
[Round "8"]
[White "Trickster_Pony"]
[Black "BlackWidow515"]
[Result "0-1"]
[WhiteElo "1519"]
[BlackElo "2182"]
[TimeControl "180+1"]
[EndTime "11:28:16 PDT"]
[Termination "BlackWidow515 won on time"]

1. c4 e6 2. g3 d5 3. Bg2 Nf6 4. Nf3 Be7 5. O-O O-O 6. cxd5 exd5 7. d4 b6 8. Nc3 Bb7 9. Bf4 Nbd7 10. Ne5 c5 11. dxc5 Nxc5 12. Qc2 Rc8 13. Rfd1 Nce4 14. Qd3 Nxc3 15. bxc3 Bd6 16. Qd4 Re8 17. c4 Bxe5 18. Bxe5 Rxc4 19. Bxf6 Rxd4 20. Bxd8 Rxd1+ 21. Rxd1 Rxd8 22. Kf1 Kf8 23. e3 Ke7 24. Ke2 Ke6 25. Kd3 Rc8 26.
Rb1 Kd6 27. Rb4 f5 28. Bh3 g6 29. Rd4 Rc1 30. g4 fxg4 31. Bxg4 Rg1 32. Bf3 Ke5 33. Ra4 a5 34. Rh4 h5 35. Rd4 Ra1 36.
a4 Ra2 37. Kc3 Rxf2 38. Bh1 Rxh2 39. Rd1 Rh3 0-1

[Event "*** Titled Tuesday Blitz"]
[Site "Chess.com"]
[Date "2021.03.30"]
[Round "8"]
[White "lucachess49"]
[Black "QuintilianoR"]
[Result "0-1"]
[WhiteElo "2435"]
[BlackElo "2709"]
[TimeControl "180+1"]
[EndTime "11:28:17 PDT"]
[Termination "QuintilianoR won by checkmate"]

1. d4 Nf6 2. c4 e6 3. Nc3 Bb4 4. e3 O-O 5. Ne2 d5 6. a3 Be7 7.
cxd5 exd5 8. Nf4 c6 9. Bd3 Re8 10. O-O Nbd7 11. f3 Nf8 12. Bc2 Bd6 13. e4 dxe4 14.
fxe4 Bg4 15. Qd3 c5 16. e5 cxd4 17. exd6 dxc3 18. bxc3 Ng6 19. h3 Qb6+ 20. Kh2 Bd7 21. Nxg6 hxg6 22. Bg5 Re6 23. Rad1 Rae8 24. a4 Bc6 25. a5 Qc5 26. Bxf6 gxf6 27. Bb3 Qg5 28. Bxe6 Qxg2# 0-1

[Event "*** Titled Tuesday Blitz"]
[Site "Chess.com"]
[Date "2021.03.30"]
[Round "8"]
[White "morte-negra"]
[Black "PavelChernomordik"]
[Result "0-1"]
[WhiteElo "1922"]
[BlackElo "2382"]
[TimeControl "180+1"]
[EndTime "11:28:19 PDT"]
[Termination "PavelChernomordik won on time"]

1. e4 g6 2. d4 Bg7 3. c4 Nc6 4. Be3 e5 5. d5 Nd4 6. Nf3 c5 7.
b4 b6 8. bxc5 bxc5 9. Nbd2 d6 10.
Bd3 Nh6 11. h3 O-O 12. O-O f5 13. Bxh6 Bxh6 14. Nxd4 cxd4 15. exf5 gxf5 16. Nb3 e4 17. Qh5 Bg7 18. Bc2 d3 19. Bd1 Bxa1 20. Nxa1 Qf6 21.
Bb3 Qg6 22. Qh4 f4 23. c5 Ba6 24. Rd1 e3 25. fxe3 fxe3 26. Qd4 Rae8 27. Re1 e2 28. cxd6 Qxd6 29. Ba4 Qg3 0-1

[Event "*** Titled Tuesday Blitz"]
[Site "Chess.com"]
[Date "2021.03.30"]
[Round "8"]
[White "Beca95"]
[Black "jacky72"]
[Result "1-0"]
[WhiteElo "2898"]
[BlackElo "2713"]
[TimeControl "180+1"]
[EndTime "11:28:20 PDT"]
[Termination "Beca95 won by checkmate"]

1. d4 Nf6 2. c4 c6 3. Nc3 d5 4.
Nf3 a6 5. e3 b5 6. b3 Bg4 7. h3 Bh5 8. g4 Bg6 9. Ne5 e6 10. c5 Nfd7 11. Nxg6 hxg6 12. Bg2 e5 13. O-O Be7 14. b4 O-O 15. a4 bxa4 16. Rxa4 Bf6 17. Ra3 Re8 18. b5 exd4 19. exd4 Nf8 20. bxc6 Nxc6 21.
Bxd5 Nxd4 22. g5 Be5 23. f4 Nfe6 24. fxe5 Rc8 25. Rxa6 Rxc5 26. Rd6 Qa5 27. Bxe6 Nxe6 28. Nd5 Rc4 29. Qf3 Rf8 30. Be3 Nd4 31. Qg4 Qa4 32.
Ne7+ Kh7 33. Qh4# 1-0

[Event "*** Titled Tuesday Blitz"]
[Site "Chess.com"]
[Date "2021.03.30"]
[Round "8"]
[White "Taktikmonster"]
[Black "I_Enchev"]
[Result "1-0"]
[WhiteElo "2393"]
[BlackElo "2536"]
[TimeControl "180+1"]
[EndTime "11:28:20 PDT"]
[Termination "Taktikmonster won by resignation"]

1. e4 c6 2. d4 d5 3. e5 Bf5 4. Nd2 e6 5. Nb3 c5 6. dxc5 Bxc5 7. Nxc5 Qa5+ 8. c3 Qxc5 9. Be3 Qc7 10. f4 Nc6 11.
Nf3 Nge7 12. Be2 O-O 13. O-O Bg4 14. Qd2 Nf5 15. h3 Bxf3 16. Rxf3 Rfd8 17. Rd1 Nxe3 18.
Qxe3 Qb6 19. Qxb6 axb6 20. a3 g6 21. Kf2 h5 22. g4 hxg4 23. hxg4 Kg7 24. Rh3 Rh8 25.
Rdh1 Rxh3 26. Rxh3 g5 27. Bd3 gxf4 28. Rh7+ Kg8 29.
Rh5 d4 30. c4 Ra5 31. Be4 Rxe5 32. Bxc6 Rxh5 33. gxh5 bxc6 34. c5 b5 35. b3 e5 36.
a4 bxa4 37. bxa4 e4 38. a5 d3 39. a6 d2 40. Ke2 e3 41. a7 f3+ 42. Kd1 f2 43. a8=Q+ Kh7 44. Qa6 1-0

[Event "*** Titled Tuesday Blitz"]
[Site "Chess.com"]
[Date "2021.03.30"]
[Round "8"]
[White "MatyChess1"]
[Black "dachessmandan"]
[Result "1-0"]
[WhiteElo "2623"]
[BlackElo "2489"]
[TimeControl "180+1"]
[EndTime "11:28:21 PDT"]
[Termination "MatyChess1 won by checkmate"]

1. e4 e5 2. Nf3 Nc6 3. Bc4 Bc5 4. c3 Nf6 5. d3 O-O 6. Nbd2 a6 7. a4 d6 8. O-O Ba7 9. Re1 Ng4 10. Re2 Ne7 11.
h3 Nf6 12. Nf1 Ng6 13. Ng3 b5 14. Bb3 Be6 15. Bc2 h6 16. d4 Re8 17. Be3 Qc8 18.
axb5 exd4 19. cxd4 axb5 20. Rxa7 Rxa7 21. d5 Ra8 22. dxe6 Qxe6 23. Nd4 Qd7 24. Ndf5 Ne5 25. Bb3 Nc4 26. Bd4 Qd8 27. Qc1 c5 28. Bc3 Ne5 29.
Nxg7 Kxg7 30. Nf5+ Kg8 31. Qxh6 Nh5 32. Qxh5 Qf6 33. Re3 Ra1+ 34. Kh2 Kf8 35. Rg3 Rea8 36. Nxd6 Qxd6 37. Bxe5 Qc6 38. Qxf7# 1-0

[Event "*** Titled Tuesday Blitz"]
[Site "Chess.com"]
[Date "2021.03.30"]
[Round "8"]
[White "Balla_Tamas"]
[Black "alexrustemov"]
[Result "0-1"]
[WhiteElo "2539"]
[BlackElo "2733"]
[TimeControl "180+1"]
[EndTime "11:28:22 PDT"]
[Termination "alexrustemov won by resignation"]

1. e4 e6 2. d4 d5 3. Nd2 c5 4. exd5 Qxd5 5. Ngf3 cxd4 6. Bc4 Qd7 7. O-O Nc6 8. Nb3 Nf6 9. Nbxd4 Nxd4 10. Nxd4 a6 11. c3 Bc5 12. Be3 Qc7 13. Be2 O-O 14. Bg5 Ne4 15. Be3 Nf6 16. Bg5 Qe5 17. Nf3 Qd5 18.
Bxf6 Qxd1 19. Rfxd1 gxf6 20. b4 Be7 21. Nd4 f5 22. f4 Rd8 23. Bf3 Rb8 24. a4 Bf6 25.
Ne2 Bd7 26. Kf2 Kf8 27. Ke3 Ke7 28. c4 Bxa1 29. Rxa1 Bc6 30. Bxc6 bxc6 31. Rb1 c5 32. b5 Rd6 33. a5 Rbd8 34. b6 Rd3+ 35. Kf2 Ra3 36. b7 Rb8 37. Rb6 Kd7 38. Nc1 Kc7 39.
Nb3 Rxa5 40. Rxe6 Ra2+ 41. Re2 Rxe2+ 42. Kxe2 Kb6 0-1

[Event "*** Titled Tuesday Blitz"]
[Site "Chess.com"]
[Date "2021.03.30"]
[Round "8"]
[White "Blitzking642"]
[Black "poneis_malditos"]
[Result "1-0"]
[WhiteElo "2443"]
[BlackElo "2292"]
[TimeControl "180+1"]
[EndTime "11:28:23 PDT"]
[Termination "Blitzking642 won by checkmate"]

1. e4 c5 2. Nf3 e6 3. d4 cxd4 4. Nxd4 a6 5. c4 Nf6 6. Nc3 Qc7 7. Be2 Nc6 8. Nxc6 dxc6 9. O-O e5 10. f4 Bc5+ 11.
Kh1 O-O 12. fxe5 Qxe5 13. Bf4 Qd4 14. e5 Ne8 15. Qc2 Qd8 16. Rad1 Qh4 17. Bg3 Qe7 18. Ne4 Be6 19. Bd3 g6 20. Nf6+ Kg7 21. Bh4 Qc7 22.
Nxe8+ Rfxe8 23. Bf6+ Kg8 24. Qd2 Bf8 25. Rf4 Rad8 26.
Rh4 h5 27. Rxh5 Bg7 28. Qh6 Bxf6 29. exf6 gxh5 30. Qg7# 1-0

[Event "*** Titled Tuesday Blitz"]
[Site "Chess.com"]
[Date "2021.03.30"]
[Round "8"]
[White "Nayemhaque22"]
[Black "mishanick"]
[Result "0-1"]
[WhiteElo "2392"]
[BlackElo "2939"]
[TimeControl "180+1"]
[EndTime "11:28:24 PDT"]
[Termination "mishanick won by resignation"]

1. d4 Nf6 2. Nf3 e6 3. c4 d5 4. Nc3 dxc4 5. e3 a6 6. Bxc4 b5 7. Bb3 Bb7 8. O-O Nbd7 9. Qe2 c5 10. dxc5 Nxc5 11. Rd1 Qc7 12. e4 b4 13. e5 Nfd7 14. Na4 Be7 15. Nxc5 Nxc5 16. Bc2 O-O 17. Bf4 Rfd8 18.
Ng5 g6 19. h4 Rxd1+ 20. Rxd1 Rd8 21. h5 Rxd1+ 22. Qxd1 Nd7 23. Nxh7 Qc6 24. f3 Kxh7 25. Kh2 Kg7 26. Kg3 g5 27. h6+ Kh8 28. Be3 Nxe5 29. Bd4 Qd6 30. Qd3 f5 31. Kf2 Bf6 32. Bxe5 Bxe5 33. Qe2 Qd4+ 34. Kf1 Qxb2 35. g4 Qc1+ 36. Kg2 Qf4 37. gxf5 Qh2+ 38. Kf1 Qh1+ 39. Kf2 Bd4+ 40. Kg3 Qh4+ 41. Kg2 Qg4+ 42. Kh2 Bg1+ 43. Kh1 Bxf3+ 44. Qxf3 Qxf3+ 45. Kxg1 exf5 0-1

[Event "*** Titled Tuesday Blitz"]
[Site "Chess.com"]
[Date "2021.03.30"]
[Round "8"]
[White "Grieve72"]
[Black "malakismayil"]
[Result "1-0"]
[WhiteElo "2472"]
[BlackElo "2316"]
[TimeControl "180+1"]
[EndTime "11:28:24 PDT"]
[Termination "Grieve72 won on time"]

1. e4 e5 2. Nf3 Nc6 3. Bc4 Bc5 4. O-O Nf6 5. d3 d6 6. a4 Bg4 7. c3 h6 8. b4 Bxb4 9. cxb4 Nd4 10. Nbd2 Qd7 11. Bb2 Nxf3+ 12. Nxf3 Nh5 13. h3 Nf4 14. hxg4 Qxg4 15. Ne1 Ne2+ 16. Qxe2 Qxe2 17. Bc1 Qh5 18. f4 f6 19. Nf3 Ke7 20. d4 exf4 21. Bxf4 g5 22.
Bg3 Rae8 23. e5 f5 24. exd6+ cxd6 25. Rfe1+ Kf6 26. Bxd6 Rxe1+ 27. Rxe1 Rd8 28. Be7+ Kg7 29. Bxd8 Qg4 30. Bc7 h5 31. Re7+ Kf6 32. Bd8 1-0